TOP OF THE 1ST |
Lake County Captains batting - Pitching for Lansing Lugnuts : RHP William Cordero
|
Pitching: RHP William Cordero
|
|
Batting: SHB Jarrod Lindblad
|
0-0: Ball 1-0: Called Strike 1-1: Ball 2-1: Ground out U3 (Groundball, 13, EV 82.5 MPH)
|
Batting: RHB Chris Fitzgerald
|
0-0: SINGLE (Line Drive, 7LS, EV 97.5 MPH)
|
Batting: RHB Ricky Deen
|
0-0: Called Strike 0-1: Ball 1-1: Ball Balk! Chris Fitzgerald to second 2-1: Ball 3-1: SINGLE (Line Drive, 78S, EV 108.1 MPH) Chris Fitzgerald to third Runner from 3rd tries for Home, SAFE, throw by LF to home
|
Batting: LHB Matt Steinke
|
0-0: Grounds into double play, 6-4-3 (Groundball, 6, EV 107.5 MPH)
|
Top of the 1st over - 1 run, 2 hits, 0 errors, 0 left on base; Lake County 1 - Lansing 0 |
BOTTOM OF THE 1ST |
Lansing Lugnuts batting - Pitching for Lake County Captains : LHP Manny Trump
|
Pitching: LHP Manny Trump
|
|
Batting: RHB Tokuji Kawabata
|
0-0: Ball 1-0: Foul Ball, location: 2F 1-1: Foul Ball, location: 2F 1-2: Ball 2-2: Strikes out swinging
|
Batting: RHB Ben Zeiler
|
0-0: Called Strike 0-1: Foul Ball, location: 2F 0-2: Ball 1-2: Ball 2-2: Strikes out looking
|
Batting: RHB John Michener
|
0-0: Ball 1-0: Foul Ball, location: 2F 1-1: Hit by Pitch
|
Batting: RHB Raul de la Cruz
|
0-0: Ball 1-0: Ball 2-0: Ball 3-0: Base on Balls John Michener to second
|
Batting: LHB Pauli Gassinger
|
0-0: Called Strike 0-1: Ground out 3-1 (Groundball, 34, EV 105.0 MPH)
|
Bottom of the 1st over - 0 runs, 0 hits, 0 errors, 2 left on base; Lake County 1 - Lansing 0 |
TOP OF THE 2ND |
Lake County Captains batting - Pitching for Lansing Lugnuts : RHP William Cordero
|
Batting: LHB Jeff Palmowski
|
0-0: Ground out 4-3 (Groundball, 4, EV 83.1 MPH)
|
Batting: RHB Joeri Plas
|
0-0: Called Strike 0-1: Swinging Strike 0-2: Ground out 6-3 (Groundball, 6, EV 98.1 MPH)
|
Batting: LHB Brandon Hopper
|
0-0: Ball 1-0: Ball 2-0: Foul Ball, location: 2F 2-1: Foul Ball, location: 2F 2-2: SINGLE (Line Drive, 8LS, EV 98.1 MPH)
|
Batting: RHB John Shaffer
|
0-0: Called Strike 0-1: Swinging Strike 0-2: Ball 1-2: Ball 2-2: Strikes out looking
|
Top of the 2nd over - 0 runs, 1 hit, 0 errors, 1 left on base; Lake County 1 - Lansing 0 |
BOTTOM OF THE 2ND |
Lansing Lugnuts batting - Pitching for Lake County Captains : LHP Manny Trump
|
Batting: LHB Roger Escareno
|
0-0: Ball 1-0: Fly out, F7 (Flyball, 7LM, EV 110.0 MPH)
|
Batting: LHB Kurt Estep
|
0-0: Called Strike 0-1: Foul Ball, location: 2F 0-2: Strikes out swinging
|
Batting: LHB Timo Gomez
|
0-0: Called Strike 0-1: Ball 1-1: Called Strike 1-2: Ball 2-2: Foul Ball, location: 2F 2-2: Strikes out swinging
|
Bottom of the 2nd over - 0 runs, 0 hits, 0 errors, 0 left on base; Lake County 1 - Lansing 0 |
TOP OF THE 3RD |
Lake County Captains batting - Pitching for Lansing Lugnuts : RHP William Cordero
|
Batting: RHB Jason Harris
|
0-0: Ball 1-0: Ball 2-0: Called Strike 2-1: Called Strike 2-2: Ball 3-2: Ground out U3 (Groundball, 3S, EV 83.1 MPH)
|
Batting: SHB Jarrod Lindblad
|
0-0: Ball 1-0: Ball 2-0: Called Strike 2-1: Ball 3-1: Base on Balls
|
Batting: RHB Chris Fitzgerald
|
0-0: Called Strike 0-1: Fielders Choice at 2nd, 3-6 (Groundball, 3, EV 85.0 MPH)
|
Batting: RHB Ricky Deen
|
0-0: Ball Chris Fitzgerald steals 2nd base 1-0: Foul Ball, location: 2F 1-1: Swinging Strike 1-2: Reached on error, E1 (Groundball, 15S, EV 66.2 MPH) Chris Fitzgerald scores
|
Batting: LHB Matt Steinke
|
0-0: Ball 1-0: Called Strike 1-1: Foul Ball, location: 2F 1-2: Ball 2-2: Ground out 1-3 (Groundball, 13S, EV 65.6 MPH)
|
Top of the 3rd over - 1 run, 0 hits, 1 error, 1 left on base; Lake County 2 - Lansing 0 |
BOTTOM OF THE 3RD |
Lansing Lugnuts batting - Pitching for Lake County Captains : LHP Manny Trump
|
Batting: RHB Luis Reyes
|
0-0: Ball 1-0: Ground out 5-3 (Groundball, 56, EV 84.4 MPH)
|
Batting: RHB Tokuji Kawabata
|
0-0: Swinging Strike 0-1: Ball 1-1: Ball 2-1: Swinging Strike 2-2: Foul Ball, location: 2F 2-2: Ball 3-2: Strikes out looking
|
Batting: RHB Ben Zeiler
|
0-0: Ball 1-0: Ball 2-0: Called Strike 2-1: Ball 3-1: Foul Ball, location: 2F 3-2: Fly out, F8 (Flyball, 8LD, EV 90.6 MPH)
|
Bottom of the 3rd over - 0 runs, 0 hits, 0 errors, 0 left on base; Lake County 2 - Lansing 0 |
TOP OF THE 4TH |
Lake County Captains batting - Pitching for Lansing Lugnuts : RHP William Cordero
|
Batting: LHB Jeff Palmowski
|
0-0: Called Strike 0-1: Foul Ball, location: 2F 0-2: Strikes out swinging
|
Batting: RHB Joeri Plas
|
0-0: Ball 1-0: Foul Ball, location: 2F 1-1: Ball 2-1: Ball 3-1: Base on Balls
|
Batting: LHB Brandon Hopper
|
0-0: Ball 1-0: Called Strike 1-1: Foul Ball, location: 2F 1-2: Ball 2-2: Foul Ball, location: 2F 2-2: Strikes out swinging
|
Batting: RHB John Shaffer
|
0-0: Called Strike 0-1: Ball 1-1: Ball 2-1: Ground out 4-3 (Groundball, 4, EV 81.9 MPH)
|
Top of the 4th over - 0 runs, 0 hits, 0 errors, 1 left on base; Lake County 2 - Lansing 0 |
BOTTOM OF THE 4TH |
Lansing Lugnuts batting - Pitching for Lake County Captains : LHP Manny Trump
|
Batting: RHB John Michener
|
0-0: Called Strike 0-1: Foul Ball, location: 2F 0-2: Ball 1-2: Ball 2-2: Ball 3-2: Foul Ball, location: 2F 3-2: Fly out, F7 (Flyball, 7S, EV 91.9 MPH)
|
Batting: RHB Raul de la Cruz
|
0-0: SOLO HOME RUN (Flyball, 78XD, EV 107.5 MPH), Distance : 455 ft
|
Batting: LHB Pauli Gassinger
|
0-0: Foul Ball, location: 2F 0-1: Ball 1-1: Called Strike 1-2: Ball 2-2: Foul Ball, location: 2F 2-2: Ground out U3 (Groundball, 34, EV 80.6 MPH)
|
Batting: LHB Roger Escareno
|
0-0: Called Strike 0-1: Ball 1-1: Ball 2-1: Fly out, F8 (Flyball, 8LD, EV 101.9 MPH)
|
Bottom of the 4th over - 1 run, 1 hit, 0 errors, 0 left on base; Lake County 2 - Lansing 1 |
TOP OF THE 5TH |
Lake County Captains batting - Pitching for Lansing Lugnuts : RHP William Cordero
|
Batting: RHB Jason Harris
|
0-0: Foul Ball, location: 2F 0-1: Foul Ball, location: 2F 0-2: Ball 1-2: Strikes out looking
|
Batting: SHB Jarrod Lindblad
|
0-0: Ball 1-0: Swinging Strike 1-1: Swinging Strike 1-2: Foul Ball, location: 2F 1-2: Ground out 3-1 (Groundball, 34S, EV 91.9 MPH)
|
Batting: RHB Chris Fitzgerald
|
0-0: Called Strike 0-1: Ground out 6-3 (Groundball, 6, EV 85.0 MPH)
|
Top of the 5th over - 0 runs, 0 hits, 0 errors, 0 left on base; Lake County 2 - Lansing 1 |
BOTTOM OF THE 5TH |
Lansing Lugnuts batting - Pitching for Lake County Captains : LHP Manny Trump
|
Batting: LHB Kurt Estep
|
0-0: Ball 1-0: SINGLE (Line Drive, 4MD, EV 98.1 MPH)
|
Batting: LHB Timo Gomez
|
0-0: Called Strike Kurt Estep is caught stealing 2nd base 2-6 0-1: Foul Ball, location: 2F 0-2: Foul Ball, location: 2F 0-2: Foul Ball, location: 2F 0-2: Ball 1-2: Foul Ball, location: 2F 1-2: Ground out 4-3 (Groundball, 4, EV 108.8 MPH)
|
Batting: RHB Luis Reyes
|
0-0: Ball 1-0: Ball 2-0: Called Strike 2-1: Swinging Strike 2-2: SINGLE (Groundball, 6M, EV 97.5 MPH)
|
Batting: RHB Tokuji Kawabata
|
0-0: Ball 1-0: Ball 2-0: Ball 3-0: Called Strike 3-1: Base on Balls Luis Reyes to second
|
Batting: RHB Ben Zeiler
|
0-0: Foul Ball, location: 2F 0-1: 3-RUN HOME RUN (Flyball, 7D, EV 95.0 MPH), Distance : 351 ft
|
Batting: RHB John Michener
|
0-0: Called Strike 0-1: Ball 1-1: Foul Ball, location: 2F 1-2: Foul Ball, location: 2F 1-2: Strikes out swinging
|
Bottom of the 5th over - 3 runs, 3 hits, 0 errors, 0 left on base; Lake County 2 - Lansing 4 |
TOP OF THE 6TH |
Lake County Captains batting - Pitching for Lansing Lugnuts : RHP William Cordero
|
Batting: RHB Ricky Deen
|
0-0: Ball 1-0: Called Strike 1-1: Fly out, F6 (Flyball, 6MD, EV 83.8 MPH)
|
Batting: LHB Matt Steinke
|
0-0: Called Strike 0-1: Called Strike 0-2: Strikes out swinging
|
Batting: LHB Jeff Palmowski
|
0-0: Ball 1-0: Called Strike 1-1: Swinging Strike 1-2: Strikes out swinging
|
Top of the 6th over - 0 runs, 0 hits, 0 errors, 0 left on base; Lake County 2 - Lansing 4 |
BOTTOM OF THE 6TH |
Lansing Lugnuts batting - Pitching for Lake County Captains : LHP Manny Trump
|
Batting: RHB Raul de la Cruz
|
0-0: Swinging Strike 0-1: Ball 1-1: Foul Ball, location: 2F 1-2: Ball 2-2: Foul Ball, location: 2F 2-2: Ball 3-2: Ground out 1-3 (Groundball, P, EV 70.0 MPH)
|
Batting: LHB Pauli Gassinger
|
0-0: Ball 1-0: Called Strike 1-1: Foul Ball, location: 2F 1-2: Ball 2-2: SINGLE (Line Drive, 8RS, EV 110.6 MPH)
|
Batting: LHB Roger Escareno
|
0-0: Called Strike 0-1: Ball 1-1: Ball 2-1: Swinging Strike 2-2: Foul Ball, location: 2F 2-2: SINGLE (Line Drive, 9LS, EV 92.5 MPH) Pauli Gassinger to second Runner from 2nd tries for 3rd, OUT! 9-5
|
Pitching: RHP Jon Huizenga
|
|
Batting: LHB Kurt Estep
|
0-0: SINGLE (Groundball, 4MD, EV 95.0 MPH) Roger Escareno to second
|
Batting: LHB Timo Gomez
|
0-0: Ball 1-0: Foul Ball, location: 2F 1-1: DOUBLE (Line Drive, 78D, EV 105.6 MPH) Roger Escareno scores Kurt Estep to third Runner from 3rd tries for Home, SAFE, throw by LF to home
|
Batting: RHB Luis Reyes
|
0-0: Ball 1-0: Ground out 6-3 (Groundball, 6M, EV 91.9 MPH)
|
Bottom of the 6th over - 2 runs, 4 hits, 0 errors, 1 left on base; Lake County 2 - Lansing 6 |
TOP OF THE 7TH |
Lake County Captains batting - Pitching for Lansing Lugnuts : RHP William Cordero
|
Batting: RHB Joeri Plas
|
0-0: Swinging Strike 0-1: Ground out 5-3 (Groundball, 56, EV 94.4 MPH)
|
Batting: LHB Brandon Hopper
|
0-0: Fly out, F6 (Popup, 6, EV 63.8 MPH)
|
Batting: RHB John Shaffer
|
0-0: Called Strike 0-1: Foul Ball, location: 2F 0-2: SINGLE (Groundball, 4MD, EV 105.0 MPH)
|
Batting: RHB Jason Harris
|
0-0: Called Strike 0-1: Ball 1-1: Foul Ball, location: 2F 1-2: Ball 2-2: Foul Ball, location: 2F 2-2: Ball 3-2: Ground out 3-1 (Groundball, 34S, EV 93.1 MPH)
|
Top of the 7th over - 0 runs, 1 hit, 0 errors, 1 left on base; Lake County 2 - Lansing 6 |
BOTTOM OF THE 7TH |
Lansing Lugnuts batting - Pitching for Lake County Captains : RHP Jon Huizenga
|
Batting: RHB Tokuji Kawabata
|
0-0: Called Strike 0-1: SINGLE (Groundball, 56S, EV 65.6 MPH) (infield hit)
|
Batting: RHB Ben Zeiler
|
0-0: Called Strike Tokuji Kawabata steals 2nd base 0-1: Hit by Pitch
|
Batting: RHB John Michener
|
0-0: Ball 1-0: Swinging Strike 1-1: Ball 2-1: Ball 3-1: Base on Balls Tokuji Kawabata to third Ben Zeiler to second
|
Batting: RHB Raul de la Cruz
|
0-0: Ball 1-0: Ball 2-0: Called Strike 2-1: DOUBLE (Flyball, 8RXD, EV 91.2 MPH) Tokuji Kawabata scores Ben Zeiler scores John Michener to third
|
Pitching: RHP Steven Costanza
|
|
Batting: LHB Pauli Gassinger
|
0-0: Ball 1-0: Ball 2-0: Ball 3-0: Called Strike 3-1: Called Strike 3-2: Base on Balls
|
DELAY
|
Rain delay of 64 minutes in the 7th inning.
|
Batting: LHB Roger Escareno
|
0-0: Swinging Strike 0-1: Ball 1-1: Swinging Strike 1-2: Ball 2-2: Ball 3-2: Strikes out swinging
|
Batting: LHB Kurt Estep
|
0-0: Ball 1-0: Foul Ball, location: 2F 1-1: Called Strike 1-2: Grounds into fielders choice 1-2 (Groundball, 13S, EV 73.1 MPH) Raul de la Cruz to third Pauli Gassinger to second
|
Batting: LHB Timo Gomez
|
0-0: Ball 1-0: Ball 2-0: Foul Ball, location: 2F 2-1: Called Strike 2-2: GRAND SLAM HOME RUN (Flyball, 89XD, EV 97.5 MPH), Distance : 401 ft
|
Batting: RHB Luis Reyes
|
0-0: Ball 1-0: Called Strike 1-1: Ball 2-1: Foul Ball, location: 2F 2-2: SOLO HOME RUN (Line Drive, 7D, EV 95.0 MPH), Distance : 374 ft
|
Batting: RHB Tokuji Kawabata
|
0-0: Ball 1-0: Foul Ball, location: 2F 1-1: Called Strike 1-2: Ground out 5-3 (Groundball, 5, EV 102.5 MPH)
|
Bottom of the 7th over - 7 runs, 4 hits, 0 errors, 0 left on base; Lake County 2 - Lansing 13 |
TOP OF THE 8TH |
Lake County Captains batting - Pitching for Lansing Lugnuts : RHP William Cordero
|
Pitching: RHP David Tooley
|
|
Batting: SHB Jarrod Lindblad
|
0-0: Ball 1-0: Swinging Strike 1-1: Fly out, F4 (Flyball, 4D, EV 91.2 MPH)
|
Batting: RHB Chris Fitzgerald
|
0-0: SINGLE (Line Drive, 6M, EV 101.2 MPH)
|
Batting: RHB Ricky Deen
|
0-0: Ball 1-0: Swinging Strike 1-1: Fielders Choice at 2nd, 3-6 (Groundball, 34S, EV 83.8 MPH)
|
Batting: LHB Matt Steinke
|
0-0: Foul Ball, location: 2F 0-1: Called Strike 0-2: Foul Ball, location: 2F 0-2: Foul Ball, location: 2F 0-2: Ball 1-2: Strikes out looking
|
Top of the 8th over - 0 runs, 1 hit, 0 errors, 1 left on base; Lake County 2 - Lansing 13 |
BOTTOM OF THE 8TH |
Lansing Lugnuts batting - Pitching for Lake County Captains : RHP Steven Costanza
|
Batting: RHB Ben Zeiler
|
0-0: Ball 1-0: Foul Ball, location: 2F 1-1: Ground out 6-3 (Groundball, 6, EV 93.1 MPH)
|
Batting: RHB John Michener
|
0-0: Called Strike 0-1: Ball 1-1: Ball 2-1: Foul Ball, location: 2F 2-2: Foul Ball, location: 2F 2-2: Ball 3-2: Ground out 6-3 (Groundball, 6, EV 88.1 MPH)
|
Batting: RHB Raul de la Cruz
|
0-0: Ball 1-0: Ball 2-0: Ball 3-0: Base on Balls
|
Pitching: LHP Jose Carmona
|
|
Batting: LHB Pauli Gassinger
|
0-0: Ball 1-0: Swinging Strike 1-1: Swinging Strike 1-2: Foul Ball, location: 2F 1-2: Strikes out swinging
|
Bottom of the 8th over - 0 runs, 0 hits, 0 errors, 1 left on base; Lake County 2 - Lansing 13 |
TOP OF THE 9TH |
Lake County Captains batting - Pitching for Lansing Lugnuts : RHP David Tooley
|
Batting: LHB Jeff Palmowski
|
0-0: Ball 1-0: Foul Ball, location: 2F 1-1: Foul Ball, location: 2F 1-2: Ball 2-2: Strikes out swinging
|
Batting: RHB Joeri Plas
|
0-0: Ball 1-0: Ball 2-0: Ball 3-0: Called Strike 3-1: Called Strike 3-2: Base on Balls
|
Batting: LHB Brandon Hopper
|
0-0: Ball 1-0: Fly out, F4 (Line Drive, 4, EV 74.4 MPH)
|
Batting: RHB John Shaffer
|
0-0: Ball 1-0: Ball 2-0: SINGLE (Line Drive, 78S, EV 100.6 MPH) Joeri Plas to second
|
Batting: RHB Jason Harris
|
0-0: Called Strike 0-1: Fielders Choice at 2nd, 5-4 (Groundball, 5, EV 89.4 MPH)
|
Top of the 9th over - 0 runs, 1 hit, 0 errors, 2 left on base; Lake County 2 - Lansing 13 |
|